 Dungeon Crawl Stone Soup version 0.19.0-19-g8c6edcc (webtiles) character file.

601 Faca the Chopper (level 7, -1/54 HPs)
             Began as a Minotaur Abyssal Knight on Nov 11, 2016.
             Was a Believer of Lugonu.
             Slain by a jelly (2 damage)
             ... on level 4 of the Dungeon on Nov 13, 2016.
             The game lasted 00:24:41 (3426 turns).

Faca the Chopper (Minotaur Abyssal Knight)          Turns: 3426, Time: 00:24:42

Health: -1/54      AC: -1    Str: 13 (14) XL:     7   Next: 18%
Magic:  7/7        EV: 11    Int:  7 (9)  God:    Lugonu [**....]
Gold:   102        SH:  0    Dex: 10 (12) Spells: 0 memorised, 6 levels left

rFire  . . .     SeeInvis .     a - +2 hand axe
rCold  . . .     Gourm    .     d - +1 ring mail
rNeg   . . .     Faith    .     (no shield)
rPois  +         Spirit   .     (helmet restricted)
rElec  .         Reflect  .     b - +0 cloak
rCorr  .         Harm     .     (no gloves)
MR     .....                    (no boots)
Stlth  ..........               (no amulet)
                                h - ring of wizardry
                                e - ring of poison resistance

@: corroded
A: retaliatory headbutt, horns 2, thin metallic scales 1, frail 1, weak 1
a: Depart the Abyss, Bend Space, Renounce Religion


You were on level 4 of the Dungeon.
You worshipped Lugonu.
Lugonu was pleased with you.
You were not hungry.

You visited 1 branch of the dungeon, and saw 4 of its levels.
You visited the Abyss 1 time.

You collected 102 gold pieces.

Inventory:

Hand Weapons
 a - a +2 hand axe (weapon)
Armour
 b - a +0 cloak (worn)
 d - a +1 ring mail (worn)
Jewellery
 e - a ring of poison resistance (left hand)
 h - a ring of wizardry (right hand)
Scrolls
 g - 2 scrolls of identify
 i - a scroll of teleportation
 j - a scroll of enchant armour
 l - 2 scrolls of enchant weapon
Potions
 k - a potion of curing
 o - a potion of heal wounds
Comestibles
 c - 2 bread rations
 f - a slice of pizza


   Skills:
 + Level 5.0 Fighting
 + Level 6.5 Axes
 + Level 5.2 Armour
 + Level 3.1 Dodging
 * Level 0.1 Stealth
 + Level 2.0 Invocations


You had 6 spell levels left.
You didn't know any spells.

Dungeon Overview and Level Annotations

Branches:
Dungeon (4/15)
 Temple: D:4-7

Altars:


Innate Abilities, Weirdness & Mutations

You reflexively headbutt those who attack you in melee.
You have a pair of horns on your head.
You are partially covered in thin metallic scales. (AC +2)
You are frail. (-10% HP)
You are weak. (Str -2)


Message History

You barely miss the jelly.
The jelly is almost dead.
The jelly closely misses you.
You hit the jelly.
Your hands burn!
The jelly is almost dead.
The jelly barely misses you.
You barely miss the jelly.
The jelly is almost dead.
The jelly hits you.
You are splashed with acid!
The acid burns!
* * * LOW HITPOINT WARNING * * *
You hit the jelly but do no damage.
Your hands burn!
* * * LOW HITPOINT WARNING * * *
The jelly is almost dead.
The jelly closely misses you.
You hit the jelly but do no damage.
Your hands burn!
* * * LOW HITPOINT WARNING * * *
You headbutt the jelly, but do no damage.
The jelly is almost dead.
The jelly hits you.
You die...

#########.# #........###########
..........# #...................
##############...............)...
#....†....................
#.#####†#######...........
#.#...#.# #........... #.#.....#
#........... ####
#.###.#########.....)..... ...#
#.......J@................ ##.#
#####.#########........... ##'##
#.# #....#'###### ....#### #.#
#....#.# ....'..# #.#
#....#.###### ....##.# #.#
#....#....... ....##.# #.#
#....#.###### ....##.#####'####
#....#.#..... ..$.##.....)....#
#....#.#.####


You could see a jelly.

Vanquished Creatures
  Grinder (D:3)
  An ogre (D:4)
  A hound (D:4)
  An orc priest (D:3)
  2 orc wizards
  A worker ant (D:4)
  A gnoll (D:1)
  8 adders
  An ooze (D:1)
  4 worms
  2 dart slugs
  A leopard gecko (D:3)
  7 orcs
  6 bats
  3 giant cockroaches
  5 goblins
  10 hobgoblins
  11 jackals
  2 quokkas
  7 frilled lizards
  9 kobolds
  A quokka skeleton (D:4)
  7 rats
92 creatures vanquished.

Notes
Turn   | Place    | Note
-------+----------+-------------------------------------------
     0 | Abyss:1  | Faca the Minotaur Abyssal Knight began the quest for the Orb.
     0 | Abyss:1  | Reached XP level 1. HP: 19/19 MP: 1/1
     0 | Abyss:1  | Upgraded the game from 0.19.0-18-g426998a to 0.19.0-19-g8c6edcc
    68 | Abyss:1  | Noticed an ancient lich
   329 | Abyss:1  | Noticed a small abomination
   331 | D:1      | Escaped the Abyss
   451 | D:1      | Reached XP level 2. HP: 24/27 MP: 2/2
   539 | D:1      | Reached * piety under Lugonu
   714 | D:1      | Reached XP level 3. HP: 26/33 MP: 3/3
  1153 | D:1      | Reached skill level 3 in Axes
  1417 | D:2      | Reached XP level 4. HP: 31/41 MP: 4/4
  1693 | D:3      | Reached ** piety under Lugonu
  1926 | D:3      | Noticed Grinder
  1936 | D:3      | Reached skill level 4 in Axes
  1942 | D:3      | Reached XP level 5. HP: 25/47 MP: 5/5
  1965 | D:3      | Paralysed by something for 3 turns
  1978 | D:3      | Paralysed by Grinder for 3 turns
  1987 | D:3      | Killed Grinder
  1987 | D:3      | Reached skill level 5 in Axes
  1987 | D:3      | Reached XP level 6. HP: 19/55 MP: 6/6
  2521 | D:4      | Gained mutation: You are partially covered in thin metallic scales. (AC +2) [potion of mutation]
  2521 | D:4      | Gained mutation: You are frail. (-10% HP) [potion of mutation]
  2521 | D:4      | Gained mutation: You are weak. (Str -2) [potion of mutation]
  2871 | D:4      | Reached skill level 6 in Axes
  2947 | D:4      | Reached skill level 5 in Fighting
  2947 | D:4      | Reached skill level 5 in Armour
  2947 | D:4      | Reached XP level 7. HP: 42/54 MP: 7/7
  3426 | D:4      | HP: 1/54 [acid (5)]
  3426 | D:4      | Slain by a jelly

Skill      XL: |  1  2  3  4  5  6  7 |
---------------+----------------------+-----
Fighting       | 4 5 |  5.0
Invocations    | 2 |  2.0
Armour         | 3 4 5 |  5.2
Axes           | 3 4 5 6 |  6.5
Dodging        | 2 3 |  3.1
Stealth        | |  0.1

Action                   |  1- 3 |  4- 6 |  7- 9 || total
-------------------------+-------+-------+-------++-------
Melee: Hand axe          |    83 |    11 |    23 ||   117
       Headbutt          |     8 |    25 |     5 ||    38
       War axe           |       |   167 |    23 ||   190
Invok: Depart the Abyss  |     1 |       |       ||     1
  Use: Scroll            |     4 |     6 |     1 ||    11
       Potion            |     2 |     4 |       ||     6
  Eat: Bread ration      |     1 |       |       ||     1
       Fruit             |       |     3 |       ||     3
       Beef jerky        |       |       |     1 ||     1
Armor: Ring mail         |    30 |    78 |    27 ||   135
Dodge: Dodged            |    51 |   111 |    33 ||   195
